 Dungeon Crawl Stone Soup version 0.23.2-1-ga50397a (webtiles) character file.

Game seed: 3571083373219082327

57 xveg the Skirmisher (level 3, 0/30 HPs)
             Began as a Demonspawn Abyssal Knight on May 15, 2019.
             Was a Follower of Lugonu.
             Slain by a worker ant (5 damage)
             ... on level 2 of the Dungeon.
             The game lasted 00:02:48 (1432 turns).

xveg the Skirmisher (Demonspawn Abyssal Knight)     Turns: 1432, Time: 00:02:48

Health: 0/30       AC:  3    Str: 13    XL:     3   Next: 73%
Magic:  5/5        EV: 11    Int: 13    God:    Lugonu [*.....]
Gold:   84         SH:  0    Dex: 14    Spells: 2/2 levels left

rFire    . . .     SeeInvis .   a - +1 hand axe
rCold    . . .     Gourm    .   (no shield)
rNeg     . . .     Faith    .   b - +0 leather armour
rPois    .         Spirit   .   (helmet restricted)
rElec    .         Reflect  .   (no cloak)
rCorr    .         Harm     .   (no gloves)
MR       .....                  (no boots)
Stlth    +.........             (no amulet)
HPRegen  0.10/turn              d - +2 ring of dexterity
MPRegen  0.09/turn              (no ring)

@: lethally poisoned (0 -> -7)
A: antennae 1, rot immunity
a: Depart the Abyss, Renounce Religion


You were on level 2 of the Dungeon.
You worshipped Lugonu.
Lugonu was aware of your devotion.
You were not hungry.

You visited 1 branch of the dungeon, and saw 2 of its levels.
You visited the Abyss 1 time.

You collected 84 gold pieces.

Inventory:

Hand Weapons
 a - a +1 hand axe (weapon)
Armour
 b - a +0 leather armour (worn)
Jewellery
 d - a +2 ring of dexterity (left hand)
Scrolls
 f - a scroll of identify {unknown}
 g - a scroll of noise {unknown}
 k - a scroll of fear {unknown}
 m - a scroll of amnesia {unknown}
Potions
 e - a potion of mutation {unknown}
 h - 2 potions of curing {unknown}
 i - a potion of flight {unknown}
 j - a potion of agility {unknown}
Comestibles
 c - 2 rations


   Skills:
 + Level 3.7 Fighting
 + Level 2.3 Axes
 + Level 2.3 Armour
 + Level 1.2 Dodging
 + Level 2.8 Invocations


You had 2 spell levels left.
You didn't know any spells.
Your spell library contained the following spells:

 Spells                   Type           Power        Failure   Level  Hunger
 Sting                    Conj/Pois      #...         36%         1    ##.....
 Poisonous Vapours        Pois/Air       #.....       52%         2    ###....
 Mephitic Cloud           Conj/Pois/Air  #.......     75%         3    ####...
 Olgreb's Toxic Radiance  Pois           #.......     98%         4    #####..
 Venom Bolt               Conj/Pois      #.........   100%        5    ######.


Dungeon Overview and Level Annotations

Branches:
Dungeon (2/15)

Altars:
Trog


Innate Abilities, Weirdness & Mutations

You have a pair of small antennae on your head.
You are immune to rotting.


Message History

No target in view!
A worker ant comes into view.
The worker ant twitches its antennae in your direction.
Found 16 stones.
You closely miss the worker ant. The worker ant bites you.
You closely miss the worker ant. The worker ant bites you.
You are poisoned.
The worker ant poisons you! The worker ant closely misses you.
You are too injured to fight recklessly!
You are too injured to fight recklessly!
You are too injured to fight recklessly!
You are too injured to fight recklessly!
You are too injured to fight recklessly!
Your leather armour prevents you from hitting the worker ant.
You feel sick. The worker ant bites you.
* * * LOW HITPOINT WARNING * * *
You hit the worker ant but do no damage.
* * * LOW HITPOINT WARNING * * *
You feel sick. The worker ant bites you.
You die...

#####..######>..
#..# #.## #..#
#.# # #####..#
#.# #.#......#
..# #.#.####.#
#.# #........#
#.#
##.######.######
#.#
#.....a@.........
##.##
#########.#######
#..†. #.# #.###
#.# #.# #.# #.#
#.# #.# #.# #.#
.# #.# #####.#


You could see a worker ant.

Vanquished Creatures
  An adder (D:2)
  An ooze (D:1)
  3 leopard geckos
  3 giant cockroaches (D:1)
  5 goblins
  A hobgoblin (D:1)
  5 jackals
  4 bats (D:1)
  8 frilled lizards (D:1)
  5 kobolds
  3 rats
39 creatures vanquished.

Notes
Turn   | Place    | Note
-------+----------+-------------------------------------------
     0 | Abyss:1  | xveg the Demonspawn Abyssal Knight began the quest for the
                  | Orb.
     0 | Abyss:1  | Reached XP level 1. HP: 18/18 MP: 2/2
    27 | Abyss:1  | Found a corrupted altar of Lugonu.
    35 | Abyss:1  | Noticed a small abomination
    73 | Abyss:2  | Noticed a spatial vortex
    93 | Abyss:2  | Noticed a small abomination
    93 | Abyss:2  | Noticed a starcursed mass
    94 | Abyss:2  | Noticed a small abomination
    96 | D:1      | Escaped the Abyss
   193 | D:1      | Reached * piety under Lugonu
   200 | D:1      | Gained mutation: You have a pair of small antennae on your
                  | head. [demonic ancestry]
   200 | D:1      | Reached XP level 2. HP: 10/24 MP: 4/4
   635 | D:1      | Reached skill level 1 in Dodging
   818 | D:1      | Gained mutation: You are immune to rotting. [demonic
                  | ancestry]
   818 | D:1      | Reached XP level 3. HP: 22/29 MP: 5/5
  1346 | D:2      | Found a bloodstained altar of Trog.
  1432 | D:2      | Slain by a worker ant

Skill      XL: |  1  2  3 |
---------------+----------+-----
Armour         | 2 |  2.3
Dodging        | 1 |  1.2
Axes           | 2 |  2.3
Fighting       | |  3.7
Invocations    | |  2.8

Action                   || total
-------------------------++-------
Melee: Hand axe          ||   131
Invok: Depart the Abyss  ||     1
 Stab: Sleeping          ||     1
  Eat: Chunk             ||     2
Armor: Leather armour    ||    57
Dodge: Dodged            ||   133
